 Dungeon Crawl Stone Soup version 0.26.0-16-gc1dbca0489 (webtiles) character file.

Game seed: 11884503499974609114

1708 Qrupt the Chiller (level 9, -5/56 HPs)
             Began as a Gargoyle Ice Elementalist on Jan 19, 2021.
             Slain by an ice beast (14 damage)
             ... on level 6 of the Dungeon.
             The game lasted 00:19:03 (5595 turns).

Qrupt the Chiller (Gargoyle Ice Elementalist)       Turns: 5595, Time: 00:19:03

Health: -5/56      AC: 16    Str: 19    XL:     9   Next: 3%
Magic:  17/17      EV: 12    Int: 18    God:
Gold:   226        SH:  0    Dex: 10    Spells: 8/19 levels left

rFire    . . .     SeeInvis .   s - +0 flail
rCold    . . .     Faith    .   (no shield)
rNeg     + . .     Spirit   .   a - +0 robe
rPois    ∞         Reflect  .   (no helmet)
rElec    +         Harm     .   (no cloak)
rCorr    .         Rampage  .   o - +0 pair of gloves
Will     +....                  (no boots)
Stlth    ++........             (no amulet)
HPRegen  0.18/turn              q - ring of willpower
MPRegen  0.15/turn              y - +6 ring of strength

@: icy armour
A: negative energy resistance 1, electricity resistance, unbreathing,
petrification resistance, miasma immunity, AC +6
a: no special abilities


You were on level 6 of the Dungeon.
You visited 1 branch of the dungeon, and saw 6 of its levels.

You collected 226 gold pieces.

Inventory:

Hand Weapons
 s - a +0 flail (weapon)
Armour
 a - a +0 robe (worn)
 o - a +0 pair of gloves (worn)
Jewellery
 p - an uncursed amulet of faith
 q - a ring of willpower (left hand)
 t - an uncursed ring of flight
 y - a +6 ring of strength (right hand)
Wands
 u - a wand of flame (22)
 z - a wand of iceblast (7)
Scrolls
 e - 5 scrolls of remove curse
 h - a scroll of enchant weapon {unknown}
 j - a scroll of fear {unknown}
 k - a scroll of fog {unknown}
 m - 4 scrolls of teleportation {unknown}
 r - 2 scrolls of immolation {unknown}
 w - 2 scrolls of amnesia {unknown}
 x - 2 scrolls of blinking {unknown}
 A - a scroll of enchant armour {unknown}
 B - a scroll of silence {unknown}
 C - a scroll of identify
Potions
 b - 3 potions of degeneration
 c - 2 potions of heal wounds
 d - 2 potions of curing
 f - a potion of mutation {unknown}
 g - a potion of lignification {unknown}
 i - a potion of haste
 l - 3 potions of attraction
 n - 3 potions of brilliance {unknown}
 v - a potion of ambrosia {unknown}
 D - a potion of flight {unknown}


   Skills:
 + Level 6.4 Fighting
 - Level 1.5 Dodging
 - Level 2.1 Stealth
 + Level 5.7 Spellcasting
 + Level 4.5 Conjurations
 + Level 7.2 Ice Magic


You had 8 spell levels left.
You knew the following spells:

 Your Spells              Type           Power        Failure   Level
a - Freeze                Ice            100%         1%          1
b - Frozen Ramparts       Ice            62%          1%          3
c - Ozocubu's Armour      Ice            31%          1%          3
d - Hailstorm             Conj/Ice       26%          11%         4

Your spell library contained the following spells:

 Spells                   Type           Power        Failure   Level
 Beastly Appendage        Tmut           10%          12%         1
 Wereblood                Tmut           5%           19%         2
 Ice Form                 Ice/Tmut       18%          28%         4
 Summon Ice Beast         Ice/Summ       18%          28%         4
 Spider Form              Tmut/Pois      2%           36%         3
 Blade Hands              Tmut           2%           98%         5


Dungeon Overview and Level Annotations

Branches:
Dungeon (6/15)
 Temple: D:4-7

Altars:
Elyvilon
Hepliaklqana
Makhleb
Okawaru
Ru
Sif Muna
Uskayaw
Xom
The Shining One

Annotations:
D:5 1 runed translucent door, Grinder


Innate Abilities, Weirdness & Mutations

You are resistant to torment.
Your stone body is resilient. (AC +6)
You are immune to poison.
You resist negative energy. (rN+)
You are resistant to electric shocks. (rElec)
You can survive without breathing.
You are immune to petrification.
You are immune to miasma.


Message History

You closely miss the ice beast.
The ice beast is heavily wounded.
The ice beast closely misses you.
You sock the ice beast!
The ice beast is severely wounded.
The ice beast hits you but does no damage.
You barely miss the ice beast.
The ice beast is severely wounded.
The ice beast hits you. The ice beast freezes you!
* * * LOW HITPOINT WARNING * * *
The ice beast hits you but does no damage.
You hit the ice beast.
The ice beast is almost dead.
The ice beast barely misses you.
You closely miss the ice beast.
The ice beast is almost dead.
The ice beast hits you.
* * * LOW HITPOINT WARNING * * *
The ice beast freezes you!
You die...

#. #.. #..#.. .# #.#..###
#######.### ##....... #..
..... . #.......#
#.####.#### #.......+
#.##.....## #.......#
#.#.......#
#......Y#+#####.#.......#
....>...@....#......_....
...#.###........#.......#
.............##.#.......#
.............##.##.....##
+########.#####.####.####
#.# #.......... #.#
##.#....... #.#
#......... #.# ###.......


You could see an ice beast.

Vanquished Creatures
  Pikel (D:4)
  Sigmund (D:3)
  Edmund (D:4)
  Duvessa (D:5)
  2 centaurs (D:5)
  A scorpion (D:4)
  Dowan (D:5)
  A centaur skeleton (D:5)
  4 orc priests (D:4)
  A gnoll shaman (D:3)
  2 hounds
  An iguana (D:4)
  5 worker ants
  A hound zombie (D:5)
  A howler monkey zombie (D:2)
  A worker ant zombie (D:5)
  8 gnolls (D:4)
  5 adders
  A shadow imp (D:6)
  A white imp (D:5)
  An ooze (D:1)
  A worm (D:4)
  3 dart slugs (D:1)
  4 leopard geckos
  11 orcs
  6 giant cockroaches
  5 goblins
  4 hobgoblins
  6 jackals
  5 kobolds
  3 quokkas
  2 ball pythons
  10 bats
  3 frilled lizards
  10 rats
114 creatures vanquished.

Notes
Turn   | Place    | Note
-------+----------+-------------------------------------------
     0 | D:1      | Qrupt the Gargoyle Ice Elementalist began the quest for the
                  | Orb.
     0 | D:1      | Reached XP level 1. HP: 10/10 MP: 3/3
   139 | D:1      | Reached XP level 2. HP: 14/16 MP: 0/5
   240 | D:1      | Reached skill level 1 in Fighting
   579 | D:1      | Reached XP level 3. HP: 14/20 MP: 4/6
  1272 | D:2      | Found an iron altar of Okawaru.
  1904 | D:3      | Reached XP level 4. HP: 26/26 MP: 4/8
  2346 | D:3      | Found a sacrificial altar of Ru.
  2346 | D:3      | Noticed Sigmund
  2368 | D:4      | Learned a level 3 spell: Frozen Ramparts
  2379 | D:4      | Reached XP level 5. HP: 29/32 MP: 3/9
  2430 | D:2      | Reached skill level 5 in Ice Magic
  2537 | D:3      | Killed Sigmund
  2538 | D:3      | Reached XP level 6. HP: 27/38 MP: 1/11
  3034 | D:4      | Reached XP level 7. HP: 6/43 MP: 2/13
  3326 | D:4      | Learned a level 3 spell: Ozocubu's Armour
  3331 | D:4      | Learned a level 4 spell: Hailstorm
  3357 | D:4      | Noticed Pikel
  3372 | D:4      | Killed Pikel
  3373 | D:4      | Reached skill level 5 in Fighting
  3373 | D:4      | Reached skill level 6 in Ice Magic
  3373 | D:4      | Reached XP level 8. HP: 31/49 MP: 4/15
  3633 | D:4      | Noticed Edmund
  3647 | D:4      | Killed Edmund
  3648 | D:4      | Reached skill level 5 in Spellcasting
  3713 | D:4      | Identified the +1 plate armour "Vofaeh" {rElec Str+3 Int+4}
  3912 | D:4      | Found a hazy altar of Hepliaklqana.
  4160 | D:4      | Found a white marble altar of Elyvilon.
  4166 | D:4      | Noticed a +0 hand axe
  4166 | D:4      | Noticed a +0 dagger
  4169 | D:4      | Found a hide-covered altar of Uskayaw.
  4370 | D:4      | Found a shimmering altar of Xom.
  4566 | D:5      | Entered Level 5 of the Dungeon
  4603 | D:5      | Noticed Dowan
  4717 | D:5      | Noticed Duvessa
  4722 | D:5      | Killed Dowan
  4726 | D:5      | Killed Duvessa
  5009 | D:5      | Reached skill level 7 in Ice Magic
  5163 | D:5      | Found a shimmering blue altar of Sif Muna.
  5198 | D:5      | Reached XP level 9. HP: 37/56 MP: 10/17
  5363 | D:5      | Found a glowing golden altar of the Shining One.
  5363 | D:5      | Found a runed translucent door.
  5363 | D:5      | Noticed an angel
  5379 | D:5      | Noticed Grinder
  5524 | D:6      | Found a burning altar of Makhleb.
  5595 | D:6      | Slain by an ice beast

Illustrated notes

Levels and vault maps discovered:
D:1:      tarquinn_simple_flora_water_d, layout_loops_ring
D:2:      layout_basic, okawaru_metal_pillars_1_2
D:3:      layout_rooms, old_standard_altar, corexii_hall_statues_x, uniq_sigmund
D:4:      layout_rooms, overflow_temple_1_default, dancing_weapons_uskayaw,
          marbit_many_paths, tgw_xom, portal_sewer_entry_a, uniq_pikel,
          uniq_edmund
D:5:      layout_rooms, led_sif_pool, grunt_dithmenos_shadows,
          lemuel_angel_altar, uniq_grinder, uniq_duvessa
D:6:      kennysheep_windowed_halls, layout_basic, nemelex_altar_shiori,
          old_standard_altar

Skill      XL: |  1  2  3  4  5  6  7  8 |
---------------+-------------------------+-----
Fighting       | 1 2 3 4 5 6 |  6.4
Spellcasting   | 3 4 5 |  5.7
Ice Magic      | 5 6 7 |  7.2
Conjurations   | 2 4 |  4.5
Dodging        | |  1.5
Stealth        | |  2.1

Action                   |  1- 3 |  4- 6 |  7- 9 || total
-------------------------+-------+-------+-------++-------
Melee: Unarmed           |    57 |    17 |       ||    74
       Flail             |       |    21 |    70 ||    91
 Cast: Freeze            |    39 |    60 |   108 ||   207
       Frozen Ramparts   |       |     1 |     4 ||     5
       Ozocubu's Armour  |       |       |     2 ||     2
  Use: Scroll            |       |       |     5 ||     5
 Stab: Sleeping          |       |     1 |       ||     1
Armor: Robe              |    21 |    30 |    61 ||   112
Dodge: Dodged            |    46 |    90 |   108 ||   244
